Map: Hardwire LE

Players

DRG

  • Race: Zerg Zerg

MaxPax - Winner!

  • Race: Protoss Protoss

Event: DreamHack SC2 Masters Last Chance 2022

VOD

Have the link to the VOD?

Description

Time

  • Played on: Dec. 19, 2021, 8:23 p.m.
  • Length: 14:52

All games in this series

Show
View Real Time Build Order
Export as new Build Order

DRG Zerg 

Build Orders: Hatch First 

Get SALT Encoding   

  12  0:00  Drone  
  13  0:12  Overlord  
  13  0:17  Drone  
  14  0:30  Drone x2  
  14  0:33  Drone  
  17  0:51  Hatchery  
  17  0:54  Drone  
  17  0:57  Drone  
  18  1:08  Extractor  
  17  1:14  Spawning Pool  
  17  1:17  Drone  
  17  1:19  Drone  
  18  1:27  Drone  
  19  1:38  Drone  
  20  1:48  Overlord  
  20  2:01  Queen  
  20  2:02  Queen  
  20  2:03  Zergling x4  
  26  2:11  Drone  
  26  2:12  Metabolic Boost  
  26  2:14  Drone  
  28  2:21  Drone  
  29  2:24  Drone  
  30  2:31  Drone  
  30  2:35  Drone  
  32  2:42  Hatchery  
  31  2:46  Queen  
  31  2:49  Overlord  
  33  2:52  Drone  
  33  2:55  Drone  
  35  3:03  Overlord  
  35  3:06  Drone  
  35  3:07  Queen  
  39  3:12  Drone  
  39  3:13  Drone x2  
  39  3:15  Drone  
  39  3:19  Drone  
  43  3:21  Drone  
  43  3:22  Drone  
  43  3:26  Queen  
  44  3:31  Spore Crawler  
  44  3:32  Drone  
  47  3:34  Drone x2  
  47  3:40  Drone x2  
  51  3:43  Overlord  
  51  3:46  Overlord  
  51  3:51  Spore Crawler x2  
  51  3:54  Overlord  
  49  4:01  Drone  
  50  4:03  Drone x2  
  50  4:04  Drone  
  50  4:06  Zergling x4  
  55  4:13  Drone  
  55  4:15  Drone x2  
  55  4:17  Drone x3  
  61  4:20  Queen  
  63  4:25  Zergling x2  
  63  4:28  Overlord  
  63  4:29  Drone  
  65  4:35  Overlord  
  65  4:36  Drone x3  
  65  4:37  Drone  
  69  4:38  Spore Crawler  
  69  4:39  Drone  
  69  4:44  Lair  
  69  4:46  Drone x3, Roach Warren  
  69  4:50  Drone x3, Extractor x2  
  72  4:53  Zergling x2  
  72  4:58  Drone  
  72  4:59  Drone  
  75  5:02  Drone  
  75  5:09  Drone, Queen x2  
  75  5:10  Drone  
  75  5:12  Drone  
  75  5:13  Extractor  
  81  5:15  Extractor  
  81  5:16  Extractor  
  81  5:18  Drone x5  
  81  5:19  Drone  
  85  5:21  Drone  
  85  5:28  Drone x2  
  87  5:33  Drone x2  
  89  5:35  Drone  
  89  5:38  Hatchery  
  89  5:40  Drone  
  89  5:41  Overlord  
  90  5:43  Overseer  
  90  5:48  Drone, Spire  
  90  5:49  Evolution Chamber  
  88  5:52  Overlord  
  88  5:53  Drone  
  89  5:59  Queen x2  
  89  6:00  Zergling x6  
  89  6:02  Overlord x2  
  96  6:06  Drone  
  96  6:08  Drone  
  96  6:09  Overlord  
  98  6:13  Overlord  
  98  6:15  Drone x3  
  98  6:18  Zerg Missile Weapons Level 1, Overseer  
  101  6:19  Drone x5  
  106  6:25  Drone  
  106  6:26  Drone  
  106  6:27  Drone  
  106  6:30  Drone x3  
  112  6:37  Spore Crawler  
  111  6:41  Queen x2, Extractor  
  111  6:42  Extractor  
  111  6:44  Overlord x2  
  111  6:46  Overlord  
  113  6:54  Queen  
  115  7:06  Zerg Flyer Weapons Level 1  
  115  7:10  Corruptor x7  
  115  7:15  Hatchery  
  128  7:17  Corruptor x2  
  132  7:24  Corruptor x3  
  137  7:33  Corruptor x3  
  143  7:42  Corruptor x3  
  149  7:49  Overlord x4  
  149  7:54  Corruptor x2  
  153  7:59  Corruptor  
  153  8:05  Overlord x3  
  155  8:07  Corruptor  
  155  8:11  Corruptor x2  
  161  8:18  Corruptor x2  
  162  8:20  Zergling x6  
  162  8:23  Zergling x2  
  162  8:24  Zergling x6  
  169  8:28  Zergling x10  
  169  8:32  Corruptor  
  176  8:38  Corruptor x2  
  180  8:43  Zergling x14  
  180  8:46  Zergling x6  
  190  8:50  Corruptor  
  190  8:54  Zerg Missile Weapons Level 2  
  192  9:00  Zerg Flyer Armor Level 1  
  192  9:06  Zergling x4  
  192  9:07  Zergling x16  
  181  9:22  Corruptor x6  
  161  9:31  Roach x4  
  161  9:37  Roach x4  
  145  9:48  Queen x3  
  145  9:52  Drone x2  
  150  9:53  Drone x3  
  152  10:00  Roach x6  
  162  10:13  Extractor  
  159  10:14  Roach x5  
  159  10:15  Extractor  
  159  10:20  Corruptor x5  
  176  10:25  Infestation Pit  
  176  10:26  Drone x2  
  177  10:31  Zergling x6  
  180  10:37  Queen x2  
  180  10:39  Drone x3  
  189  10:57  Corruptor x5  
  189  11:00  Zerg Flyer Weapons Level 2  
  189  11:03  Glial Reconstitution  
  199  11:07  Hive  
  199  11:10  Zergling x6, Zerg Melee Weapons Level 1  
  199  11:22  Queen  
  197  11:31  Roach x2  
  197  11:32  Roach x5  
  199  11:42  Zergling x2  
  200  11:59  Roach x5  
  194  12:06  Roach x6  
  191  12:11  Roach x10  
  191  12:15  Roach x5  
  197  12:17  Roach x5  
  197  12:19  Roach  
  185  12:25  Roach x4  
  179  12:31  Roach  
  179  12:33  Queen x2  
  179  12:36  Roach x4  
  177  12:43  Roach x6  
  175  12:47  Roach x4  
  175  12:50  Roach  
  167  12:57  Roach x3  
  167  12:58  Queen x2  
  161  12:59  Hatchery  
  161  13:00  Ravager x2  
  161  13:01  Ravager x4, Roach  
  162  13:06  Roach x3  
  162  13:12  Queen x2  
  170  13:17  Roach  
  164  13:20  Roach x3  
  164  13:26  Corruptor x4  
  158  13:46  Mutalisk x11  
  172  13:57  Mutalisk x4  
  176  14:04  Mutalisk x3  
  176  14:09  Mutalisk  
  182  14:12  Zergling x6  
  187  14:18  Mutalisk  
  187  14:19  Mutalisk x2  
  187  14:20  Hatchery  
Show
View Real Time Build Order
Export as new Build Order

MaxPax Protoss - Winner!

Build Orders: 1 Gate Expand, Oracle Opening 

Get SALT Encoding   

  12  0:00  Probe  
  13  0:12  Probe  
  14  0:19  Pylon  
  14  0:24  Probe  
  15  0:37  Probe (Chrono Boost)  
  15  0:39  Gateway  
  16  0:46  Probe (Chrono Boost)  
  16  0:49  Assimilator  
  17  0:51  Probe (Chrono Boost)  
  18  1:03  Probe  
  19  1:16  Probe  
  20  1:26  Nexus  
  20  1:36  Cybernetics Core  
  20  1:40  Probe  
  21  1:47  Assimilator  
  21  1:52  Probe  
  22  1:55  Pylon  
  22  2:04  Probe (Chrono Boost)  
  23  2:13  Adept  
  26  2:16  Probe (Chrono Boost)  
  26  2:18  Stargate  
  26  2:22  Probe (Chrono Boost)  
  26  2:29  Warp Gate  
  27  2:32  Probe (Chrono Boost)  
  28  2:38  Probe (Chrono Boost)  
  28  2:43  Adept  
  32  2:48  Probe x2 (Chrono Boost)  
  33  2:53  Void Ray (Chrono Boost), Probe (Chrono Boost)  
  33  2:54  Probe  
  35  3:04  Probe  
  40  3:07  Probe  
  40  3:09  Pylon  
  41  3:16  Probe  
  41  3:17  Gateway  
  41  3:19  Probe  
  43  3:29  Oracle (Chrono Boost), Probe  
  43  3:31  Probe  
  48  3:41  Probe  
  49  3:43  Probe  
  50  3:52  Nexus  
  50  3:53  Probe  
  50  3:54  Pylon  
  50  3:55  Probe  
  52  4:00  Assimilator  
  52  4:02  Assimilator  
  52  4:05  Probe  
  52  4:07  Probe  
  54  4:17  Probe  
  54  4:19  Stargate  
  54  4:20  Probe  
  54  4:22  Forge  
  56  4:24  Protoss Air Weapons Level 1  
  56  4:28  Pylon  
  56  4:29  Void Ray (Chrono Boost), Probe  
  57  4:32  Probe  
  57  4:37  Pylon  
  62  4:43  Shield Battery  
  62  4:46  Probe x2  
  64  4:58  Robotics Facility, Probe x2  
  66  5:00  Void Ray (Chrono Boost)  
  66  5:06  Probe (Chrono Boost)  
  71  5:09  Void Ray  
  71  5:10  Probe (Chrono Boost)  
  73  5:16  Probe (Chrono Boost)  
  73  5:18  Probe (Chrono Boost)  
  73  5:19  Probe (Chrono Boost)  
  79  5:21  Assimilator  
  79  5:23  Assimilator, Probe x2 (Chrono Boost)  
  79  5:24  Probe (Chrono Boost)  
  82  5:32  Pylon  
  82  5:33  Probe  
  82  5:34  Probe  
  82  5:35  Pylon  
  84  5:36  Probe  
  85  5:43  Fleet Beacon  
  85  5:45  Probe  
  85  5:46  Probe  
  85  5:48  Stargate  
  85  5:49  Probe  
  88  5:53  Pylon  
  88  5:55  Observer  
  89  5:57  Probe, Pylon  
  89  5:59  Photon Cannon, Probe  
  89  6:01  Zealot, Probe  
  94  6:09  Probe  
  94  6:10  Robotics Bay  
  94  6:11  Probe  
  96  6:12  Pylon  
  96  6:13  Probe  
  97  6:21  Probe  
  97  6:23  Nexus  
  98  6:32  Carrier (Chrono Boost)  
  110  6:41  Zealot x2  
  110  6:45  Carrier (Chrono Boost)  
  114  6:48  Carrier (Chrono Boost), Shield Battery  
  114  6:51  Photon Cannon  
  120  6:58  Gateway  
  120  7:01  Gateway  
  120  7:04  Probe x2  
  120  7:06  Photon Cannon  
  122  7:18  Flux Vanes  
  122  7:20  Observer  
  122  7:22  Photon Cannon  
  122  7:25  Disruptor  
  122  7:28  Void Ray x2 (Chrono Boost), Pylon  
  125  7:31  Photon Cannon, Gateway  
  125  7:32  Assimilator  
  125  7:35  Void Ray (Chrono Boost)  
  133  7:41  Photon Cannon  
  137  7:57  Photon Cannon  
  137  7:58  Void Ray (Chrono Boost), Probe, Shield Battery  
  138  7:59  Probe  
  138  8:00  Protoss Air Weapons Level 2 (Chrono Boost)  
  138  8:01  Probe  
  138  8:03  Void Ray (Chrono Boost)  
  148  8:08  Photon Cannon  
  148  8:10  Pylon  
  148  8:15  Assimilator  
  148  8:18  Pylon  
  148  8:22  Void Ray (Chrono Boost), Pylon  
  148  8:26  Disruptor (Chrono Boost)  
  148  8:27  Shield Battery  
  148  8:31  Void Ray (Chrono Boost)  
  155  8:41  Twilight Council  
  158  8:42  Void Ray (Chrono Boost)  
  162  8:49  Photon Cannon, Shield Battery  
  162  8:53  Photon Cannon  
  162  8:54  Shield Battery  
  162  8:55  Void Ray (Chrono Boost)  
  162  9:02  Observer  
  167  9:07  Void Ray (Chrono Boost)  
  171  9:23  Void Ray (Chrono Boost)  
  171  9:29  Void Ray (Chrono Boost)  
  171  9:30  Stalker x4  
  155  9:41  Void Ray (Chrono Boost)  
  145  9:47  Charge (Chrono Boost)  
  145  9:50  Probe  
  142  9:53  Void Ray  
  142  9:55  Templar Archives  
  142  9:57  Pylon  
  142  9:59  Void Ray, Probe, Zealot x3  
  154  10:10  Protoss Ground Weapons Level 1 (Chrono Boost)  
  154  10:11  Void Ray  
  154  10:13  Stalker x2  
  158  10:20  Stalker x2  
  158  10:21  Stalker  
  164  10:30  Gateway  
  164  10:31  Warp Prism  
  164  10:33  Gateway x2  
  166  10:38  Void Ray x2  
  166  10:43  Gateway  
  166  10:45  Gateway  
  166  10:47  Gateway  
  174  10:54  Pylon  
  174  10:55  Nexus  
  174  11:00  High Templar x2  
  174  11:02  High Templar  
  180  11:09  Pylon  
  180  11:10  Pylon  
  180  11:14  Photon Cannon, Archon, High Templar  
  180  11:16  Immortal (Chrono Boost)  
  182  11:18  Archon  
  182  11:25  Void Ray x2  
  186  11:27  Gateway  
  186  11:30  Gateway  
  188  11:37  Gateway  
  186  11:41  Zealot x6  
  186  11:45  Zealot  
  200  12:05  Void Ray (Chrono Boost)  
  200  12:07  Zealot x4, Void Ray (Chrono Boost)  
  200  12:08  Void Ray (Chrono Boost)  
  181  12:18  Warp Prism  
  151  12:30  Zealot x5  
  151  12:31  Zealot x2  
  161  12:40  Void Ray (Chrono Boost)  
  161  12:43  Zealot x5  
  162  12:45  Void Ray (Chrono Boost)  
  162  12:47  Void Ray (Chrono Boost)  
  156  13:07  Void Ray (Chrono Boost)  
  156  13:10  Stalker x5  
  156  13:11  Stalker  
  157  13:25  Nexus  
  147  13:27  Disruptor (Chrono Boost)  
  147  13:29  Void Ray x2 (Chrono Boost)  
  152  13:39  High Templar x5  
  152  13:40  High Templar x3  
  168  13:43  Void Ray  
  168  13:46  Archon x4  
  168  13:53  Warp Prism (Chrono Boost)  
  174  14:03  Zealot x3  
  174  14:04  Zealot  
  180  14:12  Zealot x2  
  180  14:13  Zealot x4  
  190  14:17  Zealot  
  190  14:22  Observer  

Tags
 
Add a new tag
Caveats
  • Supply blocks, unpowered buildings, or Contaminate may cause inaccurate times.
  • Supply counts are checked every 10 seconds.